 Dungeon Crawl Stone Soup version 0.24-a0-615-g751f86b5a9 (webtiles) character file.

Game seed: 8949405013284176001, levelgen mode: deterministic

1783 Gynju the Arsonist (level 8, -3/41 HPs)
             Began as a Deep Elf Fire Elementalist on Sept 13, 2019.
             Slain by a wight
             ... wielding a +2 morningstar
              (11 damage)
             ... on level 6 of the Dungeon.
             The game lasted 00:14:40 (11224 turns).

Gynju the Arsonist (Deep Elf Fire Elementalist)    Turns: 11224, Time: 00:14:40

Health: -3/41      AC:  8    Str:  5    XL:     8   Next: 81%
Magic:  0/17       EV: 15    Int: 23    God:
Gold:   366        SH:  0    Dex: 15    Spells: 14/17 levels left

rFire    . . .     SeeInvis .   f - +0 whip
rCold    . . .     Gourm    .   (no shield)
rNeg     . . .     Faith    .   a - +0 robe
rPois    .         Spirit   .   h - +1 helmet
rElec    .         Reflect  .   n - +0 cloak
rCorr    .         Harm     .   (no gloves)
MR       +....                  D - +2 pair of boots
Stlth    ++........             (no amulet)
HPRegen  0.13/turn              d - ring of protection from magic
MPRegen  0.15/turn              B - ring of wizardry

@: heavily drained
A: no striking features
a: no special abilities


You were on level 6 of the Dungeon.
You were not hungry.

You visited 2 branches of the dungeon, and saw 7 of its levels.
You also visited: Sewer.

You collected 366 gold pieces.

Inventory:

Hand Weapons
 f - a +0 whip (weapon)
 F - a +3 falchion
Armour
 a - a +0 robe (worn)
 h - a +1 helmet (worn)
 n - a +0 cloak (worn)
 D - a +2 pair of boots (worn)
Jewellery
 d - a ring of protection from magic (left hand)
 B - a ring of wizardry (right hand)
Wands
 m - a wand of disintegration (12)
 t - a wand of flame (20)
 w - a wand of paralysis (8)
Scrolls
 b - 4 scrolls of blinking
 e - a scroll of remove curse {unknown}
 i - 6 scrolls of teleportation
 l - 4 scrolls of amnesia
 o - a scroll of noise {unknown}
 s - 2 scrolls of enchant armour {unknown}
 u - 4 scrolls of magic mapping {unknown}
 x - 3 scrolls of fog {unknown}
 y - a scroll of fear {unknown}
 z - a scroll of identify {@r1}
Potions
 g - 8 potions of curing {@q1}
 j - 2 potions of haste
 k - 5 potions of magic
 p - a potion of flight
 q - 4 potions of heal wounds
 r - 2 potions of brilliance
 v - 2 potions of lignification {unknown}
 A - 2 potions of might {unknown}
 C - a potion of degeneration {unknown}
Comestibles
 c - 15 rations
 E - 5 chunks of flesh


   Skills:
 + Level 6.3(5.0) Dodging
 - Level 2.4(1.2) Stealth
 - Level 5.1(3.8) Spellcasting
 + Level 7.6(6.2) Conjurations
 + Level 8.2(6.9) Fire Magic


You had 14 spell levels left.
You knew the following spells:

 Your Spells              Type           Power        Failure   Level  Hunger
a - Throw Flame           Conj/Fire      ####..       1%          2    #......
b - Flame Tongue          Conj/Fire      ####.        1%          1    None

Your spell library contained the following spells:

 Spells                   Type           Power        Failure   Level  Hunger
 Conjure Flame            Conj/Fire      ####....     1%          3    ###....
 Sticky Flame             Conj/Fire      ####....     2%          4    ####...
 Dazzling Spray           Conj/Hex       ###...       3%          3    ###....
 Inner Flame              Hex/Fire       ###.....     3%          3    ###....
 Corona                   Hex            #......      4%          1    None
 Ensorcelled Hibernation  Hex/Ice        #.....       6%          2    #......
 Fireball                 Conj/Fire      ####......   9%          5    ######.
 Confuse                  Hex            #.......     13%         3    ###....
 Tukima's Dance           Hex            #.......     13%         3    ###....


Dungeon Overview and Level Annotations

Branches:
Dungeon (6/15)             Temple (1/1) D:4           Sewer (visited)

Altars:
Ashenzari
Cheibriados
Dithmenos
Elyvilon
Fedhas
Gozag
Hepliaklqana
Kikubaaqudgha
Makhleb
Nemelex Xobeh
Okawaru
Sif Muna
Trog
Wu Jian
Xom
Yredelemnul
Zin

Annotations:
D:2 Natasha
D:4 Eustachio
D:5 Prince Ribbit
D:6 3 runed translucent doors, DEFE's ghost, amateur DEFE; voshxx's ghost, novice DEFE


Message History

Aiming: Throw Flame (safe; 1% risk of failure)
Press: ? - help, Shift-Dir - straight line, f/p - wight
Aim: a wight, wielding a +2 morningstar and wearing a +2 robe of fire resistance (heavily damaged)
The puff of flame hits the wight.
The wight resists.
The wight is almost destroyed.
The wight barely misses you.
The wight hits you with a +2 morningstar!
* * * LOW HITPOINT WARNING * * *
You feel drained.
* * * LOW HITPOINT WARNING * * *
Casting: Throw Flame (safe; 1% risk of failure)
Confirm with . or Enter, or press ? or * to list all spells.
Aiming: Throw Flame (safe; 1% risk of failure)
Press: ? - help, Shift-Dir - straight line, f/p - wight
Aim: a wight, wielding a +2 morningstar and wearing a +2 robe of fire resistance (severely damaged)
The puff of flame hits the wight.
The wight resists.
The wight is almost destroyed.
The wight misses you.
The wight hits you with a +2 morningstar!
You die...

......# ##...##...# ##.####.....
....#^#####........# ### ##.###
.........##.......## #.#
#.###.##.##.####.## #.# ###
#.##<##.# #.# ##'## #.##..#.# #.#
##...## #.......# #.# ##.....# #
##.###.### #.# ##.......
####.(.##.######@# #........
'((.............zz......+........
####....#.########...####........
# ##..#......# ..## ##.......
##.###.###.# ## ##.....# #.##
##.# ##...## ##.###.## ##+#
##>#.####.# #........#


You could see 2 wights.

Vanquished Creatures
  Duvessa (D:5)
  An ice beast (D:5)
  A phantom (D:4)
  2 ogres (D:6)
  3 centaurs
  Blork the orc (D:5)
  2 bullfrogs (Sewer)
  Dowan (D:5)
  2 wights (D:6)
  A howler monkey (D:5)
  A crimson imp (D:5)
  A hound (D:4)
  A jelly (D:5)
  An orc priest (D:5)
  3 orc wizards
  A centaur skeleton (D:4)
  A worker ant (D:4)
  A worker ant zombie (D:5)
  3 gnolls (D:3)
  6 river rats (Sewer)
  17 adders
  2 shadow imps
  5 oozes
  3 worms
  4 dart slugs
  5 leopard geckos
  14 orcs
  11 ball pythons
  8 bats
  4 giant cockroaches
  8 goblins
  9 hobgoblins
  6 jackals
  14 kobolds
  4 quokkas
  8 frilled lizards
  A leopard gecko skeleton (D:4)
  A quokka skeleton (D:4)
  31 rats
189 creatures vanquished.

Vanquished Creatures (others)
  5 toadstools (D:1)
  A withered plant (D:6)
6 creatures vanquished.

Grand Total: 195 creatures vanquished

Notes
Turn   | Place    | Note
-------+----------+-------------------------------------------
     0 | D:1      | Gynju the Deep Elf Fire Elementalist began the quest for
                  | the Orb.
     0 | D:1      | Reached XP level 1. HP: 10/10 MP: 6/6
   261 | D:1      | Reached XP level 2. HP: 15/15 MP: 5/8
   265 | D:1      | Learned a level 2 spell: Throw Flame
  1026 | D:1      | Reached XP level 3. HP: 19/19 MP: 7/10
  1752 | D:2      | Reached skill level 4 in Fire Magic
  1836 | D:2      | Noticed Natasha
  2266 | D:1      | Reached XP level 4. HP: 10/24 MP: 1/12
  3406 | D:3      | Noticed a centaur
  3410 | D:3      | Killed a centaur
  3410 | D:3      | Reached skill level 5 in Spellcasting
  3410 | D:3      | Reached XP level 5. HP: 7/28 MP: 4/14
  4004 | D:3      | Reached skill level 5 in Fire Magic
  4084 | D:3      | Found a blossoming altar of Fedhas.
  4178 | D:3      | Found a faded altar of an unknown god.
  4496 | D:3      | Found an opulent altar of Gozag.
  4776 | D:3      | Reached XP level 6. HP: 32/32 MP: 5/15
  5167 | D:4      | Found a staircase to the Ecumenical Temple.
  5181 | Temple   | Entered the Ecumenical Temple
  5492 | D:4      | Noticed Eustachio
  6286 | D:4      | Reached skill level 6 in Fire Magic
  6599 | D:5      | Entered Level 5 of the Dungeon
  6633 | D:5      | Reached skill level 5 in Conjurations
  6683 | D:5      | Reached XP level 7. HP: 36/36 MP: 0/16
  7101 | D:5      | Noticed Blork the orc
  7106 | D:5      | Killed Blork the orc
  7245 | D:5      | Found a shimmering altar of Xom.
  7313 | D:5      | Noticed Duvessa
  7313 | D:5      | Noticed Dowan
  7628 | D:5      | Killed Duvessa
  7767 | D:5      | Noticed Prince Ribbit
  7931 | D:5      | Killed Dowan
  8176 | D:5      | Reached skill level 7 in Fire Magic
  8176 | D:5      | Reached XP level 8. HP: 11/41 MP: 4/17
  8652 | D:6      | Found a glowing drain.
  8695 | Sewer    | Entered a sewer
  9545 | Sewer    | Reached skill level 5 in Dodging
  9968 | D:6      | Found a snail-covered altar of Cheibriados.
 10456 | D:6      | Reached skill level 8 in Fire Magic
 10783 | D:6      | Found a runed translucent gate.
 10783 | D:6      | Found a runed translucent gate.
 10783 | D:6      | Found a runed translucent gate.
 10783 | D:6      | Noticed voshxx's ghost (novice DEFE)
 10784 | D:6      | Noticed DEFE's ghost (amateur DEFE)
 11224 | D:6      | Slain by a wight

Levels and vault maps discovered:
D:1:      ldierk_walled_garden, layout_basic, bh_walls_and_bars
D:2:      layout_rooms, uniq_natasha
D:3:      minmay_recursive_quarters, layout_loops_ring,
          nicolae_gozag_seed_capital, first_ration, serial_glass,
          glass_columns_a, glass_columns_c, chequers_ecumenical_altar_twisty,
          fedhas_altar_3
D:4:      layout_gridville, minmay_temple_entry_statues_pillars, uniq_eustachio
D:5:      layout_basic, tgw_xom, uniq_duvessa, uniq_blork_the_orc,
          uniq_prince_ribbit1
D:6:      layout_loops_corners, cheibrodos_sewer_entry_drain,
          gammafunk_ghost_cemetery, kennysheep_slug_shrine
Temple:   zaba_magenta_temple

Skill      XL: |  1  2  3  4  5  6  7  8 |
---------------+-------------------------+-----
Conjurations   | 2 3 5 6 7 |  7.6
Fire Magic     | 4 5 6 7 8 |  8.2
Spellcasting   | 4 5 |  5.1
Dodging        | 4 6 |  6.3
Stealth        | |  2.4

Action                   |  1- 3 |  4- 6 |  7- 9 || total
-------------------------+-------+-------+-------++-------
Melee: Unarmed           |     4 |       |       ||     4
       Whip              |    21 |     7 |    14 ||    42
       Halberd           |       |       |    30 ||    30
 Cast: Flame Tongue      |    20 |     1 |       ||    21
       Throw Flame       |    66 |   128 |   183 ||   377
  Use: Potion            |     1 |       |       ||     1
       Scroll            |       |     6 |     2 ||     8
  Eat: Chunk             |     5 |    11 |    14 ||    30
       Ration            |       |     1 |       ||     1
Armor: Robe              |     2 |     5 |    11 ||    18
Dodge: Dodged            |    54 |    18 |    44 ||   116

Table legend:
 A = Non-vault XP
 B = Vault XP
 C = Vault XP percentage of total XP
 D = Non-vault monster count
 E = Vault monster count
 F = Vault count percentage of total count
                 A         B        C        D         E       F
            +---------+---------+-------+---------+---------+-------
      Total |    1785 |     763 |  29.9 |     128 |      61 |  32.3
            +---------+---------+-------+---------+---------+-------
        D:1 |      77 |       0 |   0.0 |      32 |       0 |   0.0
        D:2 |      64 |       0 |   0.0 |      24 |       0 |   0.0
        D:3 |     217 |      22 |   9.2 |      24 |       7 |  22.6
        D:4 |     298 |       0 |   0.0 |      13 |       0 |   0.0
        D:5 |     576 |     322 |  35.9 |      19 |       3 |  13.6
        D:6 |     553 |      10 |   1.8 |      16 |       3 |  15.8
      Sewer |       0 |     409 | 100.0 |       0 |      48 | 100.0
            +---------+---------+-------+---------+---------+-------
